 Dungeon Crawl Stone Soup version 0.28.0 (webtiles) character file.

Game seed: 1389370037040776440

111 Host24 the Bolt Thrower (level 5, -5/32 HPs)
             Began as a Kobold Hunter on Mar 5, 2022.
             Killed from afar by Ijyb (11 damage)
             ... with a puff of flame
             ... on level 3 of the Dungeon.
             The game lasted 00:04:26 (2709 turns).

Host24 the Bolt Thrower (Kobold Hunter)             Turns: 2709, Time: 00:04:27

Health: -5/32      AC:  4    Str: 11    XL:     5   Next: 15%
Magic:  5/5        EV: 15    Int: 12    God:
Gold:   45         SH:  0    Dex: 16    Spells: 4/4 levels left

rFire   . . .      SeeInvis .   l - +8 arc blade {discharge, rElec}
rCold   . . .      Faith    .   (no shield)
rNeg    . . .      Spirit   .   c - +0 leather armour
rPois   .          Reflect  .   (no helmet)
rElec   +          Harm     .   (no cloak)
rCorr   .          Rampage  .   (no gloves)
Will    .....                   i - +0 pair of boots
Stlth   +++.......              (no amulet)
HPRegen 0.10/turn               (no ring)
MPRegen 0.09/turn               (no ring)

@: no status effects
A: small, no large weapons, nightstalker 3
a: no special abilities


You were on level 3 of the Dungeon.
You visited 1 branch of the dungeon, and saw 3 of its levels.

You collected 45 gold pieces.

Inventory:

Hand Weapons
 a - a +1 hand crossbow
 b - a +0 short sword
 l - the +8 arc blade (weapon) {discharge, rElec}
   (You found it on level 2 of the Dungeon)

   It occasionally unleashes powerful arcs of lightning upon striking a foe.
   These may arc to other adjacent creatures (including the wielder, but dealing
   reduced damage to them) before grounding out.
   rElec:     It insulates you from electricity.
Missiles
 d - 20 bolts
 f - 18 stones (quivered)
 h - 13 arrows
 m - 9 sling bullets
Armour
 c - a +0 leather armour (worn)
 i - a +0 pair of boots (worn)
Scrolls
 o - a scroll of enchant weapon
Potions
 g - a potion of flight {unknown}
 j - 4 potions of attraction {unknown}


   Skills:
 - Level 3.0 Fighting
 + Level 6.1 Crossbows
 - Level 4.0 Dodging
 - Level 1.3 Stealth


You had 4 spell levels left.
You didn't know any spells.
Your spell library contained the following spells:

 Spells                   Type           Power      Damage    Failure   Level
 Poisonous Vapours        Pois/Air       0%         N/A       54%         2
 Ignite Poison            Fire/Tmut/Pois 0%         N/A       78%         3
 Simulacrum               Ice/Necr       0%         N/A       100%        6
 Ozocubu's Refrigeration  Ice            0%         4d5       100%        7


Dungeon Overview and Level Annotations

Branches:
Dungeon (2/15)

Altars:

Annotations:
D:3 Ijyb


Innate Abilities, Weirdness & Mutations

You are small and have problems with some larger weapons.
You are completely attuned to the shadows.


Message History

The hobgoblin hits you but does no damage.
The sky beast flickers out of sight!
Deactivating autopickup; reactivate with Ctrl-A.
The orc barely misses you.
A sky beast appears from thin air!
Reactivating autopickup.
As you read the scroll labelled WEYKOTZ OS BOITZUXT, it crumbles to dust.
It is a scroll of identify.
o - a scroll of enchant weapon The hobgoblin misses you.
As you read the scroll labelled BOAFFAJELE, it crumbles to dust.
Wisps of shadow whirl around you...
It was a scroll of summoning.
Ijyb hits your goblin with a +1 dagger of speed.
Your goblin dies!
Your goblin's corpse dissolves into shadows!
The hobgoblin hits you but does no damage.
The orc hits you with a +0 mace.
The sky beast hits your giant cockroach.
The sky beast shocks your giant cockroach.
Your giant cockroach dies!
Your giant cockroach's corpse dissolves into shadows!
Your quokka closely misses the hobgoblin.
Your quokka bites the hobgoblin.
Your quokka barely misses the hobgoblin.
Your quokka misses the sky beast.
Your quokka closely misses the sky beast.
The hobgoblin hits you.
As you read the scroll labelled QOGOC AXYZXATS, it crumbles to dust.
The scroll dissolves into smoke.
It was a scroll of fog.
The hobgoblin misses you.
An orc comes into view. It is wielding a +0 hand axe.
You puncture the hobgoblin!
The arc blade crackles.
Some blue arcs ground themselves harmlessly.
You kill the hobgoblin!
You puncture the orc!
You kill the orc!
Ijyb zaps a wand.
The puff of flame hits you!
* * * LOW HITPOINT WARNING * * *
Ijyb zaps a wand.
The puff of flame hits you!
You die...

.#.#o## ...... .#.#.#
############
§#g#.####.g........####
§§§§..........go.......
§§§#.####.########.###
§#.#......# #.#
§#################g#
§#..............@..#
##.###############.#
##.######## #..#
..........# ##.#
..........# ..
..........# ..........#
..........# ..........#


You could see Ijyb.

Vanquished Creatures
  Terence (D:3)
  3 adders
  A worm (D:2)
  4 dart slugs (D:1)
  An orc (D:3)
  3 bats (D:1)
  3 endoplasms (D:1)
  2 giant cockroaches (D:1)
  3 goblins
  8 hobgoblins
  2 quokkas
  3 ball pythons
  6 frilled lizards
  3 kobolds
  4 rats (D:1)
47 creatures vanquished.

Notes
Turn   | Place    | Note
-------+----------+-------------------------------------------
     0 | D:1      | Host24 the Kobold Hunter began the quest for the Orb.
     0 | D:1      | Reached XP level 1. HP: 12/12 MP: 1/1
    96 | D:1      | Reached skill level 5 in Crossbows
   449 | D:1      | Reached XP level 2. HP: 18/18 MP: 2/2
   781 | D:1      | Got Nunod's Guide on Congealing Toxins
   852 | D:1      | Reached XP level 3. HP: 13/23 MP: 3/3
  1450 | D:1      | Found a faded altar of an unknown god.
  2132 | D:2      | Reached XP level 4. HP: 19/28 MP: 4/4
  2283 | D:2      | Found the +8 arc blade {discharge, rElec}
  2515 | D:2      | You fall into a shaft and drop 1 floor!
  2552 | D:3      | Noticed Terence
  2554 | D:3      | Noticed a sky beast
  2560 | D:3      | Killed Terence
  2561 | D:3      | Reached XP level 5. HP: 17/32 MP: 5/5
  2563 | D:3      | Reached skill level 6 in Crossbows
  2658 | D:3      | Noticed Ijyb
  2709 | D:3      | Killed from afar by Ijyb

Illustrated notes

Levels and vault maps discovered:
D:1:      dpeg_arrival_lava_temple_mockup, layout_basic, serial_rivers,
          chequers_serial_rivers_large_b, chequers_serial_rivers_small_3,
          chequers_serial_rivers_micro_a, chequers_serial_rivers_micro_b,
          chequers_serial_rivers_small_a, chequers_serial_rivers_small_b,
          ebering_ecumenical_altar_abandoned
D:2:      layout_basic, serial_bayou_pond_d
D:3:      layout_basic, amcnicky_altar_gilded, grunt_ministairs_7, uniq_terence,
          uniq_ijyb, uniq_jessica, uniq_robin

Skill      XL: |  1  2  3  4  5 |
---------------+----------------+-----
Crossbows      | 5 6 |  6.1
Fighting       | 3 |  3.0
Dodging        | 3 4 |  4.0
Stealth        | |  1.3

Action                   |  1- 3 |  4- 6 || total
-------------------------+-------+-------++-------
Melee: Short sword       |   114 |    15 ||   129
       Rapier            |       |    17 ||    17
 Fire: Hand crossbow     |     3 |     2 ||     5
  Use: Scroll            |       |     3 ||     3
 Stab: Sleeping          |    16 |     2 ||    18
Armor: Leather armour    |    23 |    10 ||    33
Dodge: Dodged            |    57 |    25 ||    82
